 Dungeon Crawl Stone Soup version 0.32-a0-675-gdc239d62e1 (webtiles) character file.

Game seed: 777788951355405056

158669 jasper the Brawler (level 17, -11/160 HPs)
             Began as a Yellow Draconian Fighter on Mar 11, 2024.
             Was an Elder of Trog.
             Mangled by the 27-headed Lernaean hydra (12 damage)
             ... on level 4 of the Swamp.
             The game lasted 00:43:28 (30468 turns).

jasper the Brawler (Yellow Draconian Fighter)      Turns: 30468, Time: 00:43:29

Health: -11/160    AC: 24    Str: 24    XL:     17   Next: 14%
Magic:  0/17       EV: 17    Int: 13    God:    Trog [****..]
Gold:   2550       SH:  5    Dex: 12    Spells: 16/16 levels left

rFire   . .          .
                       - Unarmed
rCold   + . .        o - +1 buckler {reflect}
rNeg    . . .        (body armour unavailable)
rPois   +            D - +2 hat {Int+3}
rElec   +            Z - +2 cloak {rC+}
rCorr   +            Y - +2 pair of gloves
SInv    .            v - +2 pair of boots
Will    +....        I - amulet of guardian spirit
Stlth   +            U - +4 ring of protection
HPRegen 0.46/turn    m - ring of Royalty {Wiz *Slow rElec rPois Slay+3}
MPRegen 0.15/turn

%: slow self (1%), reflection, guardian spirit, wizardry (x1)
@: maw-form, slowed, very slow
A: devouring maw, caustic breath, AC +9, unfitting armour, acidic bite,
cold-blooded, acid resistance
a: Caustic Breath, Begin Untransformation, Renounce Religion, Berserk, Trog's
Hand, Brothers in Arms


You were on level 4 of the Swamp.
You worshipped Trog.
Trog was greatly pleased with you.
You were a creature with a mouth for a stomach.
You visited 5 branches of the dungeon, and saw 27 of its levels.
You also visited: Sewer and Ice Cave.

You collected 2863 gold pieces.
You spent 313 gold pieces at shops.

Inventory:

Hand Weapons
 N - a +3 antimagic rapier
Missiles
 q - 12 curare-tipped darts
 w - 2 throwing nets
 R - 11 javelins
Armour
 o - a +1 buckler of reflection (worn)
 v - a +2 pair of boots (worn)
 D - a +2 hat of intelligence (worn)
 P - a +0 kite shield of protection
 Y - a +2 pair of gloves (worn)
 Z - a +2 cloak of cold resistance (worn)
Jewellery
 a - a ring of willpower
 d - the ring of Viziuthri {*Slow rC+ Str+8 Stlth+}
   (You found it in an ice cave)

   [ring of protection from cold]

   Str+8:     It affects your strength (+8).
   rC+:       It protects you from cold.
   *Slow:     It may slow you when you take damage.
   Stlth+:    It makes you more stealthy.
 e - a ring of protection from fire
 i - a +4 ring of slaying
 m - the ring of Royalty (right hand) {Wiz *Slow rElec rPois Slay+3}
   (You found it on level 5 of the Lair of Beasts)

   [ring of wizardry]

   Wiz:       It improves your spell success rate.
   Slay+3:    It affects your accuracy & damage with ranged weapons and melee
   (+3).
   rElec:     It insulates you from electricity.
   rPois:     It protects you from poison.
   *Slow:     It may slow you when you take damage.
 n - a ring of protection from cold
 y - a ring of positive energy
 I - an amulet of guardian spirit (around neck)
 K - a ring of protection from fire
 U - a +4 ring of protection (left hand)
Talismans
 Q - a blade talisman
 W - a maw talisman (active)
Wands
 s - a wand of mindburst (26)
 F - a wand of flame (7)
 G - a wand of roots (34)
 L - a wand of digging (7)
 X - a wand of acid (6)
Scrolls
 g - 3 scrolls of poison
 h - 2 scrolls of fear
 k - 3 scrolls of vulnerability
 u - 4 scrolls of noise
 z - 2 scrolls of revelation
 A - 11 scrolls of teleportation
 B - 2 scrolls of butterflies
 E - 7 scrolls of immolation
 H - 2 scrolls of blinking
 T - 5 scrolls of identify
 V - 2 scrolls of torment
Potions
 b - 6 potions of might
 c - 7 potions of invisibility
 f - 8 potions of mutation
 j - 13 potions of curing
 l - 3 potions of haste
 p - a potion of cancellation
 r - 3 potions of ambrosia
 t - 7 potions of enlightenment
 x - 3 potions of attraction
 C - a potion of resistance
 J - 3 potions of lignification
 O - 3 potions of heal wounds
Miscellaneous
 M - a phial of floods
 S - a condenser vane


   Skills:
 + Level 16.7 Fighting
 + Level 14.2 Dodging
 - Level 3.0 Shields
 * Level 20.8 Unarmed Combat
 - Level 10.0 Shapeshifting


You had 16 spell levels left.
You didn't know any spells.
Your spell library was empty.

Dungeon Overview and Level Annotations

Branches:
Dungeon (15/15)            Temple (1/1) D:6            Lair (5/5) D:8
  Swamp (4/4) Lair:2       Spider (0/4) Lair:3        Slime (0/5) Lair:4
    Orc (2/2) D:10            Elf (0/3) Orc:2        Vaults (0/5) D:14
 Depths (0/4) D:15          Sewer (visited)           IceCv (visited)

Altars:
Ashenzari
Cheibriados
Dithmenos
Elyvilon
Fedhas
Gozag
Hepliaklqana
Kikubaaqudgha
Makhleb
Nemelex Xobeh
Okawaru
Qazlal
Ru
Sif Muna
Trog
Uskayaw
Vehumet
Wu Jian
Xom
Yredelemnul
Zin
The Shining One
Jiyva

Shops:
D:6 [*   D:8 :   D:10 ((   D:11 *   D:13 (   Orc:2 [[(*

Annotations:
D:7 3 runed translucent doors, Dittersdorf's ghost, novice GrFi
D:11 2 transporters, KSaturn's ghost, journeyman MfIE
D:12 3 runed translucent doors, skrealing's ghost, journeyman CoBe
Lair:1 3 runed translucent doors, jasper's ghost, journeyman OpFi
Swamp:4 Lernaean hydra


Innate Abilities, Weirdness & Mutations

You are a creature with a mouth for a stomach.
Your midsection houses a second, enormous mouth.
You can breathe corrosive fumes.
Your golden yellow scales are hard. (AC +9)
You cannot fit into any form of body armour.
You have acidic saliva.
You are cold-blooded and may be slowed by cold attacks.
You are resistant to acid. (rCorr)


Message History

The 27-headed Lernaean hydra bites you!
* * * LOW HITPOINT WARNING * * *
The 27-headed Lernaean hydra completely misses you.
The 27-headed Lernaean hydra bites you but does no damage. x3
The 27-headed Lernaean hydra bites you!
* * * LOW HITPOINT WARNING * * *
The 27-headed Lernaean hydra bites you but does no damage. x2
The 27-headed Lernaean hydra bites you.
* * * LOW HITPOINT WARNING * * *
The 27-headed Lernaean hydra bites you!
* * * LOW HITPOINT WARNING * * *
The 27-headed Lernaean hydra bites you but does no damage.
The 27-headed Lernaean hydra completely misses you.
The 27-headed Lernaean hydra misses you.
The 27-headed Lernaean hydra bites you!
* * * LOW HITPOINT WARNING * * *
The 27-headed Lernaean hydra bites you but does no damage.
The 27-headed Lernaean hydra barely misses you. x2
The 27-headed Lernaean hydra bites you but does no damage.
The 27-headed Lernaean hydra bites you!
* * * LOW HITPOINT WARNING * * *
The 27-headed Lernaean hydra completely misses you.
The 27-headed Lernaean hydra bites you.
* * * LOW HITPOINT WARNING * * *
The 27-headed Lernaean hydra bites you.
* * * LOW HITPOINT WARNING * * *
The 27-headed Lernaean hydra bites you but does no damage. x2
The 27-headed Lernaean hydra bites you.
* * * LOW HITPOINT WARNING * * *
The 27-headed Lernaean hydra barely misses you.
The 27-headed Lernaean hydra bites you but does no damage. x3
The 27-headed Lernaean hydra misses you.
The 27-headed Lernaean hydra bites you but does no damage. x2
The 27-headed Lernaean hydra misses you.
The 27-headed Lernaean hydra bites you but does no damage.
The 27-headed Lernaean hydra closely misses you.
The 27-headed Lernaean hydra barely misses you.
The 27-headed Lernaean hydra bites you but does no damage. x2
The 27-headed Lernaean hydra bites you!
You die...

♣♣♣♣ ♣♣♣♣♣♣♣♣♣♣♣♣♣♣ ♣♣♣♣..~♣♣ ♣♣♣
♣.....§♣.~~..♣♣♣~.~~~~.♣♣ ♣.♣♣
♣...~~§~[[~~..♣♣..°~~°.§♣ ..~♣
♣~~~~~..WDOk~~~~.†°°°~.♣♣ ..~♣
♣♣~.~.~.~°°O~~~§~~°kk~..♣ ~~~♣
♣.~~~§~~°°°°°~~~§°°°§...
~~~♣♣♣♣♣♣♣.~~~~~~♣♣°♣♣♣.♣♣♣♣~°~~~
...~♣♣.....)~~~.♣♣♣♣♣ ♣♣♣ ~~~~/
..~~.~.~~~♣♣♣♣♣♣♣ #~l~.
~~~~.~~~~~~♣ #D~. ~~~~~~...~♣♣
~~. ♣.~~~.♣♣.[♣


You could see the 27-headed Lernaean hydra (ally target), a swamp drake and 2
friendly ogres.

Vanquished Creatures
  A tentacled monstrosity (Swamp:4)
  Gastronok (D:8)
  A thorn hunter (Swamp:1)
  A fenstrider witch (Swamp:2)
  2 azure jellies (IceCv)
  Louise (Swamp:4)
  A quicksilver ooze (IceCv)
  A stone giant (D:15)
  An eleionoma (Swamp:2)
  6 bunyips
  Azrael (D:15)
  4 entropy weavers (Lair:4)
  A shambling mangrove (Swamp:2)
  A great orb of eyes (D:15)
  6 vault guards (D:14)
  A rakshasa (D:13)
  15 hydras
  4 ogre magi (Orc:2)
  3 catoblepae
  6 centaur warriors
  3 ghost crabs (Lair:4)
  10 tengu warriors
  A boulder beetle (D:13)
  5 alligators
  16 two-headed ogres
  6 death yaks
  An occultist (D:15)
  A deep elf knight (D:15)
  2 skysharks
  5 fire crabs
  A deep troll (D:15)
  3 goliath frogs
  2 spriggan druids
  A flayed ghost (D:15)
  4 bog bodies
  An arcanist (D:13)
  10 swamp dragons
  A harpy (D:15)
  2 deep elf pyromancers (D:15)
  6 elephants
  A manticore (D:13)
  7 cyclopes
  6 ugly things
  6 will-o-the-wisps
  3 meliai (D:13)
  A torpor snail (Lair:5)
  An apocalypse crab (Lair:4)
  3 ice statues (IceCv)
  4 kobold blastminers
  4 black mambas
  12 cane toads
  A gargoyle (D:9)
  A kobold demonologist (D:10)
  Maggie (D:6)
  10 komodo dragons
  2 unseen horrors (D:10)
  4 tengu conjurers
  3 trolls
  A polar bear (shapeshifter) (D:15)
  6 polar bears (Lair:5)
  2 bloated husks
  15 hornets
  14 tyrant leeches
  18 blink frogs
  25 slime creatures
  A centaur simulacrum (D:11)
  A water elemental (D:14)
  3 wraiths
  8 dream sheep
  A vampire (D:12)
  28 spriggans
  5 humans (D:14)
  2 wyverns
  A shadow (D:10)
  57 yaks
  7 basilisks
  A basilisk (shapeshifter) (D:15)
  2 fire elementals (D:15)
  2 redbacks (Lair:3)
  A warg (Orc:1)
  A steam dragon (D:7)
  5 vampire mosquitoes
  A swamp worm (shapeshifter) (D:15)
  10 swamp worms
  5 great orb of eyes simulacra (IceCv)
  2 acid dragons
  16 water moccasins
  3 hell hounds (D:15)
  2 sky beasts
  4 swamp drakes
  A black bear (Lair:5)
  3 ice beasts
  7 orc warriors
  3 boggarts (Lair:5)
  26 ogres
  The ghost of Lightli the Ruffian, an amateur DrBr (D:4)
  A tengu (shapeshifter) (D:14)
  39 wolves
  A phantom (D:5)
  2 centaurs
  2 slime creature simulacra (IceCv)
  5 kobold brigands
  11 bullfrogs
  A brain worm (shapeshifter) (D:13)
  3 glowing shapeshifter simulacra (IceCv)
  3 scorpions
  9 wights
  12 killer bees
  4 electric eels
  4 howler monkeys
  A lava snake (D:13)
  A bombardier beetle (D:6)
  3 hounds
  11 jellies
  2 gnoll boudas
  4 orc priests
  A scrub nettle (Lair:5)
  A sleepcap (D:4)
  5 iguanas (Lair:2)
  13 orc wizards
  5 shapeshifter simulacra (IceCv)
  8 gnolls
  A river rat (Sewer)
  7 adders
  A shadow imp (D:7)
  A white imp (D:8)
  2 ufetubi (D:7)
  2 ribbon worms
  4 dart slugs
  45 orcs
  7 bats
  14 endoplasms
  9 giant cockroaches
  15 hobgoblins
  2 jackals (D:3)
  21 kobolds
  8 quokkas
  3 ball pythons
  5 frilled lizards
  4 goblins
  7 rats
  A butterfly (Lair:5)
811 creatures vanquished.

Vanquished Creatures (collateral kills)
  Rupert (Lair:5)
  A hydra (Swamp:1)
  A will-o-the-wisp (Swamp:3)
  2 tyrant leeches (Swamp:3)
  2 slime creatures (IceCv)
  A yak (Lair:5)
  5 swamp worms
  2 swamp drakes
15 creatures vanquished.

Vanquished Creatures (others)
  A vault guard (D:14)
  2 ogre magi (D:15)
  An ugly thing (D:14)
  A yaktaur (D:15)
  2 bloated husks
  24 foxfires
31 creatures vanquished.

Grand Total: 857 creatures vanquished

Notes
Turn   | Place    | Note
-------+----------+-------------------------------------------
     0 | D:1      | jasper the Draconian Fighter began the quest for the Orb.
     0 | D:1      | Reached XP level 1. HP: 19/19 MP: 1/1
   292 | D:1      | Found a faded altar of an unknown god.
   299 | D:1      | Prayed at the altar of an unknown god.
   299 | D:1      | Became a worshipper of Trog the Wrathful
   299 | D:1      | Reached * piety under Trog
   500 | D:1      | Reached XP level 2. HP: 25/26 MP: 2/2
  1137 | D:2      | Reached XP level 3. HP: 13/33 MP: 3/3
  1379 | D:2      | Reached skill level 3 in Unarmed Combat
  1546 | D:2      | Reached ** piety under Trog
  1941 | D:3      | Found a white marble altar of Elyvilon.
  2222 | D:3      | Reached XP level 4. HP: 40/40 MP: 4/4
  2229 | D:3      | Found a glowing drain.
  2245 | Sewer    | Entered a sewer
  2369 | Sewer    | Reached XP level 5. HP: 9/46 MP: 5/5
  2559 | Sewer    | Reached *** piety under Trog
  2560 | Sewer    | Reached skill level 4 in Unarmed Combat
  2656 | Sewer    | Found a viscous altar of Jiyva.
  3040 | D:3      | Reached XP level 6. HP: 42/53 MP: 6/6
  3043 | D:3      | Reached skill level 5 in Unarmed Combat
  3397 | D:4      | Noticed a sky beast
  3408 | D:4      | Killed a sky beast
  3409 | D:4      | Reached skill level 5 in Fighting
  3590 | D:4      | Found a transporter.
  3593 | D:4      | Found a transporter.
  3595 | D:4      | Noticed Lightli's ghost (amateur DrBr)
  3695 | D:4      | Your scales start taking on a golden yellow colour.
  3695 | D:4      | Reached XP level 7. HP: 61/61 MP: 7/7
  3695 | D:4      | Gained mutation: You are resistant to acid. (rCorr) [Yellow
                  | Draconian growth]
  3753 | D:4      | Found a stormy altar of Qazlal.
  3883 | D:4      | Found a sacrificial altar of Ru.
  3932 | D:4      | Reached skill level 6 in Unarmed Combat
  4143 | D:5      | Entered Level 5 of the Dungeon
  4227 | D:4      | Killed Lightli's ghost
  5053 | D:5      | Reached XP level 8. HP: 68/70 MP: 8/8
  5119 | D:6      | Reached skill level 5 in Dodging
  5119 | D:6      | Reached skill level 7 in Unarmed Combat
  5155 | D:6      | Found a staircase to the Ecumenical Temple.
  5389 | D:6      | Noticed Maggie
  5400 | D:6      | Killed Maggie
  5425 | D:6      | Reached skill level 8 in Unarmed Combat
  5562 | D:6      | Reached **** piety under Trog
  5594 | D:6      | Found Yluenat's Antique Armour Emporium.
  5825 | D:6      | Found Toohu's Fire Supplies.
  5835 | D:6      | Reached XP level 9. HP: 79/79 MP: 9/9
  5838 | D:6      | Bought a scroll of immolation for 44 gold pieces
  5838 | D:6      | Bought a scroll of immolation for 44 gold pieces
  6133 | D:6      | Found a burning altar of Makhleb.
  6133 | D:6      | Noticed a balrug
  6169 | Temple   | Entered the Ecumenical Temple
  6440 | D:7      | Reached skill level 9 in Unarmed Combat
  6509 | D:7      | Found a runed translucent gate.
  6570 | D:7      | Found a runed translucent gate.
  6572 | D:7      | Noticed Dittersdorf's ghost (novice GrFi)
  6573 | D:7      | Noticed a gargoyle
  6574 | D:7      | Noticed a skeletal warrior
  6680 | D:7      | Found a runed translucent gate.
  6702 | D:7      | Paralysed by a hornet for 2 turns
  6846 | D:8      | Found Udutyini's Book Emporium.
  6883 | D:8      | Reached skill level 10 in Unarmed Combat
  6952 | D:8      | Found a staircase to the Lair.
  7020 | D:8      | Reached XP level 10. HP: 87/90 MP: 10/10
  7046 | D:8      | Reached ***** piety under Trog
  7310 | D:8      | Reached skill level 11 in Unarmed Combat
  7377 | D:8      | Identified the staff of Foorrur {rPois Tloc Earth}
  7422 | D:8      | Identified the +3 falchion "Mud Pie of Death" {heavy, rPois
                  | rCorr}
  7572 | D:8      | Noticed Gastronok
  7593 | D:8      | Killed Gastronok
  7917 | D:9      | Found a blossoming altar of Fedhas.
  8102 | D:9      | Found a hazy altar of Hepliaklqana.
  8221 | D:9      | Noticed a gargoyle
  8228 | D:9      | Killed a gargoyle
  8229 | D:9      | Reached skill level 12 in Unarmed Combat
  8662 | D:9      | Reached skill level 10 in Fighting
  8662 | D:9      | Reached XP level 11. HP: 65/99 MP: 8/11
  8869 | D:9      | Noticed a two-headed ogre
  8874 | D:9      | Killed a two-headed ogre
  9162 | D:10     | Entered Level 10 of the Dungeon
  9162 | D:10     | Noticed a six-headed hydra
  9162 | D:10     | Found Jujaig's Hydra Hut.
  9332 | D:10     | Found a glowing golden altar of the Shining One.
  9370 | D:10     | Received a gift from Trog
  9423 | D:10     | Noticed a two-headed ogre
  9462 | D:10     | Killed a two-headed ogre
  9463 | D:10     | Reached skill level 13 in Unarmed Combat
  9868 | D:10     | Found Goc Tose's Antique Weapon Shop.
 10011 | D:10     | Found a snail-covered altar of Cheibriados.
 10114 | D:10     | Found a staircase to the Orcish Mines.
 10917 | D:11     | Found Doiqel's General Store.
 10920 | D:11     | Bought a potion of enlightenment for 75 gold pieces
 11024 | D:11     | Noticed KSaturn's ghost (journeyman MfIE)
 11025 | D:11     | Found a transporter.
 11232 | D:11     | Found a transporter.
 11373 | Lair:1   | Entered Level 1 of the Lair of Beasts
 11388 | D:8      | Reached skill level 14 in Unarmed Combat
 11388 | D:8      | Reached XP level 12. HP: 73/110 MP: 9/12
 11791 | Lair:1   | Noticed jasper's ghost (journeyman OpFi)
 11792 | Lair:1   | Noticed a minotaur
 11908 | Lair:1   | Found a runed translucent gate.
 11908 | Lair:1   | Found a runed translucent gate.
 11908 | Lair:1   | Found a runed translucent gate.
 12128 | Lair:1   | Reached skill level 10 in Dodging
 13023 | Lair:2   | Reached skill level 15 in Unarmed Combat
 13607 | Lair:2   | Found a staircase to the Swamp.
 13956 | Lair:3   | Identified a scroll of acquirement
 13967 | Lair:3   | Acquired a maw talisman
 14013 | Lair:3   | Reached skill level 1 in Shapeshifting
 14293 | Lair:3   | Received a gift from Trog
 14595 | Lair:3   | Reached skill level 5 in Shapeshifting
 14595 | Lair:3   | Reached XP level 13. HP: 90/118 MP: 10/13
 14675 | Lair:3   | Found a hole to the Spider Nest.
 15017 | Lair:3   | HP: 7/177 [death yak (9)]
 15893 | Lair:4   | Found a staircase to the Slime Pits.
 15893 | Lair:4   | Found a viscous altar of Jiyva.
 16620 | Lair:4   | Found a runed translucent door.
 17151 | Lair:4   | Reached skill level 10 in Shapeshifting
 17544 | Lair:4   | Found the +8 whip "Snakebite" {venom, curare, rPois}
 17708 | Lair:5   | Entered Level 5 of the Lair of Beasts
 18061 | Lair:5   | Found a frozen archway.
 18061 | Lair:5   | Noticed Rupert
 18067 | Lair:5   | Killed Rupert
 18068 | Lair:5   | Gained mutation: You have acidic saliva. [Yellow Draconian
                  | growth]
 18068 | Lair:5   | Reached XP level 14. HP: 127/127 MP: 14/14
 18080 | IceCv    | Entered an ice cave
 18203 | IceCv    | Noticed a quicksilver ooze
 18212 | IceCv    | Killed a quicksilver ooze
 18538 | IceCv    | Reached skill level 16 in Unarmed Combat
 19262 | IceCv    | Found a viscous altar of Jiyva.
 19262 | IceCv    | Noticed an azure jelly
 19269 | IceCv    | Killed an azure jelly
 19269 | IceCv    | Noticed an azure jelly
 19284 | IceCv    | Killed an azure jelly
 19358 | IceCv    | Got the ring of Viziuthri {*Slow rC+ Str+8 Stlth+}
 20250 | Lair:5   | Reached skill level 17 in Unarmed Combat
 20272 | Lair:5   | Identified the ring of Royalty {Wiz *Slow rElec rPois
                  | Slay+3}
 21167 | Orc:1    | Entered Level 1 of the Orcish Mines
 21547 | Orc:2    | Entered Level 2 of the Orcish Mines
 21553 | Orc:2    | Found a staircase to the Elven Halls.
 21609 | Orc:2    | Received a gift from Trog
 21731 | Orc:2    | Reached XP level 15. HP: 126/138 MP: 13/15
 21830 | Orc:2    | Found Fipien's Antique Armour Shoppe.
 21830 | Orc:2    | Found Biqoghoo's Assorted Antiques.
 21831 | Orc:2    | Found Wilois's Antique Armour Shop.
 21831 | Orc:2    | Found Viytivuu's Weapon Shoppe.
 21849 | Orc:2    | Bought a scroll of teleportation for 75 gold pieces
 21849 | Orc:2    | Bought a scroll of teleportation for 75 gold pieces
 22249 | Orc:1    | Reached skill level 18 in Unarmed Combat
 22620 | D:12     | Found a runed translucent gate.
 22621 | D:12     | Found a runed translucent gate.
 22757 | D:12     | Found a runed translucent gate.
 22758 | D:12     | Noticed skrealing's ghost (journeyman CoBe)
 23384 | D:13     | Found Ceac Soll's Weapon Shoppe.
 24413 | D:14     | Identified the +12 quick blade "Pukedgh" {flame, rF+ Str+2
                  | Dex+2} (Trog gifted it to you on level 14 of the Dungeon)
 24413 | D:14     | Received a gift from Trog
 24775 | D:14     | Reached skill level 15 in Fighting
 24998 | D:14     | Found a gate to the Vaults.
 25245 | D:15     | Entered Level 15 of the Dungeon
 25428 | D:15     | Reached skill level 19 in Unarmed Combat
 25464 | D:15     | Reached XP level 16. HP: 149/149 MP: 9/16
 25811 | D:15     | Noticed Azrael
 25820 | D:15     | Killed Azrael
 26280 | D:15     | Found a staircase to the Depths.
 26343 | D:15     | Found a sparkling altar of Nemelex Xobeh.
 26724 | Swamp:1  | Entered Level 1 of the Swamp
 26846 | Swamp:1  | Reached ****** piety under Trog
 26853 | Swamp:1  | Received a gift from Trog
 26876 | Swamp:1  | Noticed a thorn hunter
 26886 | Swamp:1  | Killed a thorn hunter
 28245 | Swamp:2  | Reached skill level 20 in Unarmed Combat
 28313 | Swamp:2  | Paralysed by a fenstrider witch for 2 turns
 29040 | Swamp:3  | Received a gift from Trog
 29536 | Swamp:4  | Entered Level 4 of the Swamp
 29561 | Swamp:4  | Noticed a tentacled monstrosity
 29570 | Swamp:4  | Killed a tentacled monstrosity
 30012 | Swamp:4  | Reached XP level 17. HP: 134/159 MP: 15/17
 30249 | Swamp:4  | Noticed Louise
 30266 | Swamp:4  | Killed Louise
 30459 | Swamp:4  | Noticed the 27-headed Lernaean hydra
 30468 | Swamp:4  | HP: 6/160 [the 27-headed Lernaean hydra (4)]
 30468 | Swamp:4  | HP: 1/160 [the 27-headed Lernaean hydra (3)]
 30468 | Swamp:4  | Mangled by the 27-headed Lernaean hydra

Illustrated notes

Levels and vault maps discovered:
D:1:      sevenhm_arrival_forest_fort_small_5, layout_loops_corners,
          ebering_ecumenical_altar_petrified, minmay_octomino_j4
D:2:      layout_basic
D:3:      cheibrodos_thug_alley, layout_basic, elyvilon_altar_1,
          gup_sewer_entry_pipe
D:4:      layout_rooms, nicolae_overflow_crystal_walls,
          nicolae_ru_the_path_less_chosen, gammafunk_ghost_arena
D:5:      layout_basic, serial_bayou_pond_e
D:6:      layout_basic, makhleb_altar_promises_db,
          minmay_temple_entry_antechambers, serial_shops, nicolae_shop_trees,
          nicolae_shop_fire_sale [nicolae_sub_dead_trees], minivault_1,
          uniq_maggie
D:7:      layout_cave_pools, gammafunk_ghost_split
D:8:      layout_rooms, lair_entry_dummy, serial_shops, shop, uniq_gastronok
D:9:      layout_gridville, mainiacjoe_overflow_concentric_impassable,
          fedhas_altar_3
D:10:     layout_irregular_city, cheibriados_altar_1,
          nicolae_tso_swordbearing_angel, orc_0_dummy, serial_shops,
          nicolae_shop_overgrown_old_shop, doesnt_shop_hydraphobe
D:11:     layout_roguey, gammafunk_ghost_hive, serial_shops, shop
D:12:     layout_roguey, serial_rivers, chequers_serial_rivers_micro_e,
          chequers_serial_rivers_micro_e, chequers_serial_rivers_micro_b,
          chequers_serial_rivers_room_a, chequers_serial_rivers_small_a,
          gammafunk_ghost_split
D:13:     layout_loops_ring, serial_shops, nicolae_shop_mannequins,
          nicolae_lava_and_water, kennysheep_dice
D:14:     layout_basic, ximxim_vaults_locker_room
D:15:     grunt_enter_depths_snipers, layout_loops_ring,
          nemelex_lonely_heart_becter, minivault_28, uniq_azrael
Temple:   nicolae_temple_great_sept
Lair:1:   layout_long_grid, maelrawn_ghost_gauntlet_escape, grunt_megastairs_1
Lair:2:   beast_lair_carwin_large_1, layout_cave_pods, minmay_swamp_entry_worms
Lair:3:   nzn_winding_woodlands_three_and_one
          [nzn_winding_woodlands_5x15_split_checker,
          nzn_winding_woodlands_5x15_garden, nzn_winding_woodlands_5x15_crooked,
          nzn_winding_woodlands_center_triple_pond], layout_misc_corridors,
          spider_nest_entry_webs
Lair:4:   gammafunk_mikee_crab_dinner, layout_misc_corridors,
          nicolae_slime_entry_field_trip, nicolae_lair_lil_pond,
          dreamdust_deal_with_the_devil
Lair:5:   minmay_lair_end_enchanted_forest, layout_small_grid,
          portal_ice_cave_entry_pillars_2, nicolae_quartered_pool_medium,
          evilmike_ambush [evilmike_ambush_outer_pillars,
          evilmike_ambush_inner_basic], lemuel_fruit_fields, uniq_rupert
Swamp:1:  layout_basic_swamp, serial_swamp_ruin, evilmike_swamp_ruin_rubble_1,
          evilmike_swamp_ruin_house_6, evilmike_swamp_ruin_rubble_2,
          swamp_pool_3, nicolae_swamp_spriggan_camp
Swamp:2:  layout_basic_swamp, hangedman_swamp_blocks
Swamp:3:  layout_basic_swamp, evilmike_swamp_ruin_house_5
Swamp:4:  swamp_basic_johnstein, layout_basic_swamp, uniq_louise
Orc:1:    layout_caves
Orc:2:    st_orc_ogre_mass, layout_caves

Skill      XL: |  1  2  3  4  5  6  7  8  9 10 11 12 13 14 15 16 |
---------------+-------------------------------------------------+-----
Dodging        | 3 4 5 7 8 9 10 11 13 14 | 14.2
Unarmed Combat | 3 4 5 6 8 10 12 14 15 17 19 20 | 20.8
Fighting       | 4 5 6 7 8 10 11 12 14 15 16 | 16.7
Shapeshifting  | 5 10 | 10.0
Shields        | |  3.0

Action                     |  1- 3 |  4- 6 |  7- 9 | 10-12 | 13-15 | 16-18 || total
---------------------------+-------+-------+-------+-------+-------+-------++-------
  Melee: Unarmed           |   121 |   119 |   246 |   657 |   985 |   424 ||  2552
         Tailslap          |     9 |    21 |    40 |   103 |   199 |    74 ||   446
         Maw               |       |       |       |       |   288 |   149 ||   437
         Bite              |       |       |       |       |   106 |    61 ||   167
  Throw: Stone             |       |       |       |     7 |     3 |       ||    10
 Invoke: Berserk           |       |     5 |     1 |     1 |     5 |     2 ||    14
         Trog's Hand       |       |       |       |       |     6 |     6 ||    12
         Brothers in Arms  |       |       |       |       |     6 |     6 ||    12
Ability: Caustic Breath    |       |       |     4 |    11 |    11 |     4 ||    30
         Begin Untransform |       |       |       |       |     1 |       ||     1
  Evoke: Wand              |       |       |       |     3 |     1 |     1 ||     5
         Condenser vane    |       |       |       |       |     1 |       ||     1
    Use: Scroll            |    11 |     2 |     6 |     7 |     6 |     4 ||    36
         Potion            |       |     1 |       |       |     1 |       ||     2
   Stab: Sleeping          |     2 |       |       |       |     1 |     1 ||     4
         Distracted        |       |       |       |       |     1 |     2 ||     3
 Armour: Skin              |    63 |    53 |   120 |   400 |   744 |   514 ||  1894
  Dodge: Dodged            |    69 |    50 |   119 |   392 |   599 |   321 ||  1550
  Block: Buckler           |    29 |    29 |    46 |   145 |   191 |    88 ||   528
         Kite shield       |       |       |       |       |    46 |    11 ||    57
         Reflection        |       |       |       |       |       |     2 ||     2
   Form: Maw               |       |       |       |       |     2 |       ||     2

Table legend: (Time is in decaauts)
 A = Elapsed time spent in this place.
 B = Non-inter-level travel time spent in this place.
 C = Inter-level travel time spent in this place.
 D = Time resting spent in this place.
 E = Time spent auto-exploring this place.
 F = Levels seen in this place.
 G = Mean time per level.
                   A        B        C        D        E       F      G
               +--------+--------+--------+--------+--------+-----+--------+
         Total |  30311 |  29152 |   1159 |   2150 |  21204 |  29 | 1045.2 |
       Dungeon |  15201 |  14449 |    752 |    537 |  11219 |  15 | 1013.4 |
        Temple |      1 |      1 |      0 |      0 |      0 |   1 |    1.0 |
          Lair |   8137 |   7911 |    226 |    598 |   5868 |   5 | 1627.4 |
         Swamp |   3751 |   3636 |    115 |    594 |   2299 |   4 |  937.8 |
  Orcish Mines |   1200 |   1135 |     65 |      0 |    851 |   2 |  600.0 |
         Sewer |    655 |    655 |      0 |     49 |    432 |   1 |  655.0 |
      Ice Cave |   1363 |   1363 |      0 |    370 |    534 |   1 | 1363.0 |
               +--------+--------+--------+--------+--------+-----+--------+

Top non-repeatable levels by time:
  Lair:4: 2289 daAuts
  Lair:5: 1815 daAuts
  Lair:3: 1541 daAuts
 Swamp:1: 1413 daAuts
   IceCv: 1363 daAuts
    D:10: 1308 daAuts
     D:9: 1299 daAuts
     D:8: 1295 daAuts
    D:15: 1289 daAuts
  Lair:2: 1288 daAuts
  Lair:1: 1202 daAuts
    D:14: 1091 daAuts
     D:6: 1086 daAuts
     D:1: 981 daAuts
     D:2: 958 daAuts
